 Dungeon Crawl Stone Soup version 0.31-a0-216-g22e908daa7 (webtiles) character file.

Game seed: 682696601436729975

62 qw the Shooter (level 4, -4/26 HPs)
             Began as a Gargoyle Hexslinger on July 2, 2023.
             Slain by Grinder (6 damage)
             ... on level 3 of the Dungeon.
             The game lasted 00:00:38 (1329 turns).

qw the Shooter (Gargoyle Hexslinger)                Turns: 1329, Time: 00:00:39

Health: -4/26      AC:  8    Str: 10 (12) XL:     4   Next: 8%
Magic:  5/5        EV: 15    Int: 11 (13) God:
Gold:   76         SH:  0    Dex: 10 (12) Spells: 4/5 levels left

rFire   . . .        Y - +1 sling
rCold   . . .        (no shield)
rNeg    + . .        e - +0 ring mail
rPois   inf          (no helmet)
rElec   +            (no cloak)
rCorr   .            (no gloves)
SInv    .            (no boots)
Will    .....        (no amulet) Stlth
                     j - +5 ring of evasion
HPRegen 0.24/turn    (no ring)
MPRegen 0.09/turn

%: no passive effects
@: no status effects
A: sickness immunity, AC +3, negative energy resistance 1, electricity
resistance, torment resistance 1, petrification resistance, clumsy 1, devolution
1
a: no special abilities


You were on level 3 of the Dungeon.
You visited 1 branch of the dungeon, and saw 3 of its levels.

You collected 76 gold pieces.


Innate Abilities, Weirdness & Mutations

You are immune to sickness and miasma.
Your stone body is resilient. (AC +3)
You are immune to poison.
You resist negative energy. (rN+)
You are resistant to electric shocks. (rElec)
You are resistant to unholy torment.
You are immune to petrification.
You are clumsy. (Dex -2)
You have hidden genetic defects.


   Skills:
 - Level 2.0 Fighting
 + Level 3.9 Ranged Weapons
 - Level 1.5 Dodging
 - Level 1.0 Spellcasting
 - Level 2.6 Hexes


You had 4 spell levels left.
You knew the following spells:

 Your Spells              Type           Power      Damage    Failure   Level
a - Slow                  Hex            24%        N/A       28%         1

Your spell library contained the following spells:

 Spells                   Type           Power      Damage    Failure   Level
 Inner Flame              Hex/Fire       3%         N/A       82%         3
 Portal Projectile        Hex/Tloc       6%         N/A       82%         3
 Cause Fear               Hex            3%         N/A       95%         4

Inventory:

Hand Weapons
 Y - a +1 sling (weapon)
Armour
 e - a +0 ring mail (worn)
Jewellery
 j - a +5 ring of evasion (left hand)
Scrolls
 g - a scroll of identify
Potions
 b - a potion of berserk rage {unknown}
 i - a potion of curing

Dungeon Overview and Level Annotations

Branches:
Dungeon (3/15)

Altars:

Annotations:
D:3 Grinder


Message History

Grinder gestures at you.
You shrug off the repeated paralysis!
You can move again.
You shoot a sling bullet.
The sling bullet closely misses Grinder.
Grinder gestures at you. Pain shoots through your body!
You shoot a sling bullet.
The sling bullet hits Grinder but does no damage.
Grinder is moderately wounded.
You shoot a sling bullet.
The sling bullet closely misses Grinder.
Grinder misses you.
You shoot a sling bullet. The sling bullet barely misses Grinder.
Grinder closely misses you.
You shoot a sling bullet. The sling bullet hits Grinder!
Grinder is heavily wounded.
Grinder gestures at you. You resist with significant effort.
Grinder hits you but does no damage.
You shoot a sling bullet.
The sling bullet closely misses Grinder.
Grinder hits you.
You shoot a sling bullet.
The sling bullet hits Grinder but does no damage.
Grinder is heavily wounded.
Grinder gestures at you. Pain shoots through your body!
You shoot a sling bullet.
The sling bullet closely misses Grinder.
Grinder hits you!
You writhe in agony.
Grinder closely misses you.
You shoot a sling bullet. The sling bullet barely misses Grinder.
Grinder gestures at you. Pain shoots through your body!
You shoot a sling bullet.
The sling bullet hits Grinder but does no damage.
Grinder is heavily wounded.
Grinder closely misses you.
You shoot a sling bullet. The sling bullet barely misses Grinder.
Grinder barely misses you. Grinder hits you.
You die...

....#.###.#...###
.....................#
...... #.............#
......##..........#..##
.....................?.
....................#
.!........%..%......###
.......$....##........#
.......@5#..##.....[..#
########...###......(.#
#.......##.<......#
#.......##........#
#.......##........#
#.......##...<....#
#.......###########
#.......# #########


You could see Grinder.

Vanquished Creatures
  2 adders (D:1)
  3 dart slugs
  2 endoplasms
  6 giant cockroaches
  2 goblins
  A hobgoblin (D:1)
  3 jackals (D:1)
  2 quokkas (D:1)
  6 ball pythons
  3 bats
  2 frilled lizards
  3 rats
35 creatures vanquished.

Notes
Turn   | Place    | Note
-------+----------+-------------------------------------------
     0 | D:1      | qw the Gargoyle Hexslinger began the quest for the Orb.
     0 | D:1      | Reached XP level 1. HP: 12/12 MP: 2/2
     0 | D:1      | 0 ||| qw: Version: 0.3-a-35-g05ef00e
     0 | D:1      | 0 ||| qw: Game counter: 7803
     0 | D:1      | 0 ||| qw: Melee chars always use a shield: true
     0 | D:1      | 0 ||| qw: God list: Okawaru
     0 | D:1      | 0 ||| qw: Allow faded altars: false
     0 | D:1      | 0 ||| qw: Do Orc after clearing Dungeon:15 true
     0 | D:1      | 0 ||| qw: Do second Lair branch before Depths: true
     0 | D:1      | 0 ||| qw: Lair rune preference: random
     0 | D:1      | 0 ||| qw: Goals: Normal
     0 | D:1      | 0 ||| PLANNING D:1-11
   109 | D:1      | Reached XP level 2. HP: 16/16 MP: 3/3
   124 | D:1      | Found a faded altar of an unknown god.
   305 | D:1      | Reached skill level 3 in Ranged Weapons
   699 | D:1      | Reached XP level 3. HP: 21/21 MP: 4/4
   772 | D:1      | 772 ||| UPGRADING to +0 ring mail.
   782 | D:1      | 782 ||| DROPPING +0 robe.
   783 | D:1      | 783 ||| UPGRADING to +5 ring of evasion.
   784 | D:1      | 784 ||| READING scroll labelled DUNITEM EPRO.
   785 | D:1      | 785 ||| READING 2 scrolls labelled JEX RA GAAMP.
   786 | D:1      | 786 ||| READING scroll labelled CON DESIRE.
   787 | D:1      | 787 ||| READING scroll labelled LUZACR SUAWK.
   788 | D:1      | 788 ||| DRINKING 2 sedimented clear potions.
   797 | D:1      | 797 ||| DRINKING 2 inky potions.
   798 | D:1      | 798 ||| DROPPING scroll of poison.
   799 | D:1      | 799 ||| DROPPING potion of ambrosia.
   824 | D:2      | 824 ||| STAIRDANCE
  1003 | D:2      | Reached XP level 4. HP: 26/26 MP: 5/5
  1232 | D:2      | 1232 ||| READING scroll labelled LOUSYO NOKEL.
  1233 | D:2      | 1233 ||| READING scroll labelled HAICON IRHAYS.
  1234 | D:2      | 1234 ||| DRINKING 2 green potions.
  1234 | D:2      | Gained mutation: You sometimes lose your temper in combat.
                  | [potion of mutation]
  1235 | D:2      | 1235 ||| DRINKING potion of mutation.
  1235 | D:2      | Lost mutation: You sometimes lose your temper in combat.
                  | [potion of mutation]
  1235 | D:2      | Gained mutation: You are clumsy. (Dex -2) [potion of
                  | mutation]
  1235 | D:2      | Gained mutation: You have hidden genetic defects. [potion
                  | of mutation]
  1236 | D:2      | 1236 ||| DRINKING 2 white potions.
  1237 | D:2      | 1237 ||| DROPPING potion of degeneration.
  1293 | D:3      | Noticed Grinder
  1305 | D:3      | Paralysed by Grinder for 5 turns
  1314 | D:3      | Paralysed by Grinder for 5 turns
  1326 | D:3      | HP: 5/26 [Grinder (7)]
  1327 | D:3      | HP: 1/26 [Grinder/nerve-wracking pain (2)]
  1329 | D:3      | Slain by Grinder

Levels and vault maps discovered:
D:1:      co_arrival_square_in_a_square_in_a_square, layout_loops_ring,
          chequers_ecumenical_altar_simple_redux
D:2:      layout_basic
D:3:      layout_rooms, nicolae_wu_jian_wuxing_cycle, nicolae_wormholes,
          uniq_terence, uniq_ijyb, uniq_grinder

Skill      XL: |  1  2  3 |
---------------+----------+-----
Ranged Weapons | 3 |  3.9
Fighting       | 2 |  2.0
Dodging        | |  1.5
Spellcasting   | |  1.0
Hexes          | |  2.6

Action                     |  1- 3 |  4- 6 || total
---------------------------+-------+-------++-------
   Fire: Sling             |   107 |    46 ||   153
    Use: Scroll            |     4 |     2 ||     6
         Potion            |     2 |     3 ||     5
 Armour: Robe              |     9 |       ||     9
         Ring mail         |    16 |     3 ||    19
  Dodge: Dodged            |    55 |    14 ||    69

Table legend:
 A = Non-vault XP
 B = Vault XP
 C = Vault XP percentage of total XP
 D = Non-vault monster count
 E = Vault monster count
 F = Vault count percentage of total count
                 A         B        C        D         E       F
            +---------+---------+-------+---------+---------+-------
      Total |      89 |       0 |   0.0 |      35 |       0 |   0.0
            +---------+---------+-------+---------+---------+-------
        D:1 |      62 |       0 |   0.0 |      22 |       0 |   0.0
        D:2 |      24 |       0 |   0.0 |      11 |       0 |   0.0
        D:3 |       3 |       0 |   0.0 |       2 |       0 |   0.0
            +---------+---------+-------+---------+---------+-------
